 Dungeon Crawl Stone Soup version 0.23.2-33-g5129a83184 (webtiles) character file.

Game seed: 521465160145060908

813 kae the Spear-Bearer (level 7, 0/56 HPs)
             Began as a Merfolk Gladiator on July 26, 2019.
             Slain by a troll (10 damage)
             ... on level 6 of the Dungeon.
             The game lasted 00:06:25 (5221 turns).

kae the Spear-Bearer (Merfolk Gladiator)            Turns: 5221, Time: 00:06:26

Health: 0/56       AC:  6    Str: 15    XL:     7   Next: 93%
Magic:  7/7        EV: 16    Int:  9    God:
Gold:   455        SH:  0    Dex: 15    Spells: 6/6 levels left

rFire    . . .     SeeInvis .   a - +0 trident
rCold    . . .     Gourm    .   (no shield)
rNeg     + . .     Faith    .   b - +0 leather armour
rPois    .         Spirit   .   c - +1 helmet
rElec    .         Reflect  .   n - +0 cloak
rCorr    +         Harm     .   (no gloves)
MR       .....                  (no boots)
Stlth    +.........             e - amulet of the acrobat
HPRegen  0.18/turn              j - ring of resist corrosion
MPRegen  0.10/turn              k - ring of positive energy

@: no status effects
A: change form in water, swift swim, stealthy swim
a: no special abilities


You were on level 6 of the Dungeon.
You were hungry.

You visited 1 branch of the dungeon, and saw 6 of its levels.

You collected 455 gold pieces.

Inventory:

Hand Weapons
 a - a +0 trident (weapon)
Missiles
 d - 3 throwing nets (quivered)
Armour
 b - a +0 leather armour (worn)
 c - a +1 helmet (worn)
 n - a +0 cloak (worn)
Jewellery
 e - an amulet of the acrobat (around neck)
 j - a ring of resist corrosion (left hand)
 k - a ring of positive energy (right hand)
Wands
 r - a wand of random effects (3)
Scrolls
 l - a scroll of fear
 m - a scroll of fog
 o - 2 scrolls of enchant armour
 s - a scroll of magic mapping
 t - a scroll of teleportation
 x - 2 scrolls of remove curse
 y - a scroll of identify
 A - a scroll of amnesia
Potions
 h - 2 potions of flight
 i - a potion of heal wounds
 p - a potion of resistance
 q - a potion of brilliance
 u - 2 potions of haste
 v - a potion of agility
 w - 3 potions of might {unknown}
 z - a potion of curing {unknown}
Comestibles
 f - 12 rations


   Skills:
 + Level 5.1 Fighting
 * Level 9.7 Polearms
 - Level 2.0 Throwing
 + Level 6.8 Dodging


You had 6 spell levels left.
You didn't know any spells.
Your spell library contained the following spells:

 Spells                   Type           Power        Failure   Level  Hunger
 Animate Skeleton         Necr           N/A          45%         1    ##.....
 Apportation              Tloc           #.....       45%         1    ##.....
 Confusing Touch          Hex            #.....       45%         1    ##.....
 Summon Small Mammal      Summ           #...         45%         1    ##.....


Dungeon Overview and Level Annotations

Branches:
Dungeon (6/15)
 Temple: D:4-7

Altars:
Hepliaklqana
Kikubaaqudgha
Makhleb
Okawaru
Qazlal
Ru
Vehumet
Yredelemnul
Zin

Shops:
D:5 :


Message History

Press: ? - help, Shift-Dir - straight line, f - troll
Aim: a troll (moderately wounded)
The puff of frost hits the troll.
The troll is heavily wounded.
The troll misses you. The troll claws you!
The troll claws you but does no damage.
Evoke which item? (* to show all) (? for menu, Esc to quit)
Aiming: Random Effects
Press: ? - help, Shift-Dir - straight line, f/p - troll
Aim: a troll (moderately wounded)
The bolt of poison hits the troll!
The troll is poisoned.
The troll is severely wounded.
The troll bites you!
* * * LOW HITPOINT WARNING * * *
The troll misses you. The troll claws you.
* * * LOW HITPOINT WARNING * * *
You closely miss the troll.
The troll is severely wounded.
The troll bites you!
You die...

#.# #.# #.#
#.# #.# #.#
#.# #.# #.#
#.# #.# #.#
#.# #.# #T#
#.# #@# #.#
#.# #.# #.#
#.# #.#
#.########.#
#..........#
############


You could see a troll.

Vanquished Creatures
  4 big kobolds (D:4)
  A bullfrog (D:5)
  A crimson imp (D:5)
  A hound (D:5)
  Crazy Yiuf (D:2)
  4 orc wizards
  2 worker ants (D:4)
  A worker ant zombie (D:6)
  2 adders
  3 gnolls (D:4)
  3 oozes
  2 adder skeletons
  A worm (D:3)
  A leopard gecko (D:3)
  8 orcs
  5 bats
  3 giant cockroaches
  9 goblins
  8 hobgoblins
  3 jackals (D:3)
  4 quokkas
  8 frilled lizards
  A jackal skeleton (D:4)
  53 kobolds
  A leopard gecko zombie (D:5)
  7 rats
137 creatures vanquished.

Notes
Turn   | Place    | Note
-------+----------+-------------------------------------------
     0 | D:1      | kae the Merfolk Gladiator began the quest for the Orb.
     0 | D:1      | Reached XP level 1. HP: 16/16 MP: 1/1
   114 | D:1      | Reached XP level 2. HP: 22/23 MP: 2/2
   222 | D:1      | Reached skill level 5 in Polearms
   819 | D:2      | Found a runed translucent door.
   820 | D:2      | Noticed Crazy Yiuf
   843 | D:2      | Reached XP level 3. HP: 28/28 MP: 3/3
  1229 | D:2      | Killed Crazy Yiuf
  1229 | D:2      | Reached skill level 6 in Polearms
  1229 | D:2      | Reached XP level 4. HP: 20/35 MP: 4/4
  1561 | D:3      | Found a hazy altar of Hepliaklqana.
  1685 | D:3      | Reached skill level 5 in Dodging
  1685 | D:3      | Reached XP level 5. HP: 33/41 MP: 5/5
  2046 | D:3      | Found a radiant altar of Vehumet.
  2750 | D:4      | Reached skill level 7 in Polearms
  2984 | D:4      | Found a stormy altar of Qazlal.
  3306 | D:4      | Noticed a big kobold
  3338 | D:4      | Killed a big kobold
  3338 | D:4      | Reached XP level 6. HP: 28/48 MP: 6/6
  3571 | D:4      | Reached skill level 8 in Polearms
  3702 | D:4      | Reached XP level 7. HP: 51/55 MP: 7/7
  4069 | D:4      | Reached skill level 9 in Polearms
  4123 | D:5      | Entered Level 5 of the Dungeon
  4481 | D:5      | Reached skill level 5 in Fighting
  4631 | D:5      | Found Asahatom's Book Boutique.
  4672 | D:5      | Found an ancient bone altar of Kikubaaqudgha.
  4672 | D:5      | Found an iron altar of Okawaru.
  4693 | D:5      | Found a sacrificial altar of Ru.
  4696 | D:5      | Found a burning altar of Makhleb.
  4916 | D:5      | Found a basalt altar of Yredelemnul.
  5151 | D:6      | Found a glowing silver altar of Zin.
  5212 | D:6      | Noticed a troll
  5221 | D:6      | Slain by a troll

Skill      XL: |  1  2  3  4  5  6  7 |
---------------+----------------------+-----
Polearms       | 5 6 7 8 9 |  9.7
Fighting       | 3 4 5 |  5.1
Dodging        | 5 6 |  6.8
Throwing       | |  2.0

Action                   |  1- 3 |  4- 6 |  7- 9 || total
-------------------------+-------+-------+-------++-------
Melee: Trident           |    92 |   250 |   189 ||   531
       Tailslap          |       |     7 |     2 ||     9
Evoke: Wand              |       |       |     2 ||     2
  Use: Scroll            |     5 |     8 |     5 ||    18
       Potion            |       |       |     2 ||     2
 Stab: Sleeping          |     1 |     2 |     3 ||     6
  Eat: Chunk             |     1 |     5 |     4 ||    10
       Ration            |       |     1 |       ||     1
Armor: Leather armour    |    11 |    37 |    30 ||    78
       Skin              |       |       |     9 ||     9
Dodge: Dodged            |    41 |   164 |   107 ||   312
